 Dungeon Crawl Stone Soup version 0.29.1-15-g9cfb28693d (webtiles) character file.

Game seed: 14333294108465436561

3035 croobank the Brooding (level 9, -31/59 HPs)
             Began as a Demonspawn Fire Elementalist on Mar 20, 2023.
             Was a Priest of Hepliaklqana.
             Annihilated by a two-headed ogre
             ... wielding a +0 giant club
              (35 damage)
             ... on level 6 of the Dungeon.
             The game lasted 00:15:38 (6306 turns).

croobank the Brooding (DsFE)                        Turns: 6306, Time: 00:15:39

Health: -31/59     AC:  2    Str: 15    XL:     9   Next: 56%
Magic:  2/16       EV: 13    Int: 21    God:    Hepliaklqana [***...]
Gold:   312        SH:  8    Dex: 13    Spells: 10/17 levels left

rFire   . . .      SeeInvis .   i - +5 whip of Fedhas's Favour {venom, rPois rCorr}
rCold   . . .      Faith    .   (no shield)
rNeg    . . .      Spirit   .   g - +0 robe
rPois   +          Reflect  .   (no helmet)
rElec   .          Harm     .   (no cloak)
rCorr   +          Rampage  .   (no gloves)
Will    .....                   (no boots)
Stlth   +++.......              q - amulet of regeneration
HPRegen 0.99/turn               n - +6 ring of strength
MPRegen 0.15/turn               (no ring)

@: no status effects
A: reduced essence, large bone plates 1, condensation shield, demonic magic 2,
weakness stinger 1
a: Renounce Religion, Recall Ancestor, Ancestor Identity, Transference


You were on level 6 of the Dungeon.
You worshipped Hepliaklqana.
Hepliaklqana was most pleased with you.
You visited 1 branch of the dungeon, and saw 7 of its levels.

You collected 312 gold pieces.

Inventory:

Hand Weapons
 a - a +3 dagger of protection
 d - a +0 short sword
 i - the +5 whip of Fedhas's Favour (weapon) {venom, rPois rCorr}
   (You took it off an orc on level 5 of the Dungeon)

   It poisons the flesh of those it strikes.
   rPois:     It protects you from poison.
   rCorr:     It protects you from acid and corrosion.
 z - a +2 whip of freezing
Missiles
 h - 20 poisoned darts
Armour
 g - a +0 robe (worn)
Jewellery
 n - a +6 ring of strength (left hand)
 q - an amulet of regeneration (around neck)
Scrolls
 e - 4 scrolls of poison
 l - 2 scrolls of teleportation
 m - a scroll of noise
 x - a scroll of brand weapon {unknown}
 y - a scroll of acquirement {unknown}
Potions
 b - a potion of magic
 c - a potion of lignification
 f - a potion of berserk rage
 j - a potion of heal wounds
 k - a potion of haste {unknown}
 o - a potion of resistance
 r - 2 potions of mutation
 s - a potion of flight
 t - 2 potions of curing


   Skills:
 + Level 4.7 Fighting
 + Level 2.3 Maces & Flails
 + Level 4.7 Dodging
 + Level 5.2 Stealth
 + Level 4.9 Spellcasting
 + Level 4.9 Conjurations
 + Level 5.2 Fire Magic
 + Level 6.0 Invocations


You had 10 spell levels left.
You knew the following spells:

 Your Spells              Type           Power      Damage    Failure   Level
a - Foxfire               Conj/Fire      100%       2x1d9     1%          1
b - Scorch                Fire           54%        2d8       1%          2
c - Flame Wave            Conj/Fire      26%        2d8       13%         4

Your spell library contained the following spells:

 Spells                   Type           Power      Damage    Failure   Level
 Conjure Flame            Conj/Fire      26%        6-21      4%          3
 Sting                    Tmut/Pois      20%        1d4       11%         1
 Inner Flame              Hex/Fire       16%        N/A       11%         3
 Poisonous Vapours        Pois/Air       10%        N/A       17%         2
 Sublimation of Blood     Necr           5%         N/A       17%         2
 Wereblood                Tmut           5%         N/A       17%         2
 Olgreb's Toxic Radiance  Pois           5%         N/A       73%         4
 Summon Hydra             Summ           2%         N/A       100%        7


Dungeon Overview and Level Annotations

Branches:
Dungeon (7/15)             Temple (0/1) D:4

Altars:
Hepliaklqana
Trog
Vehumet
Xom

Shops:
D:1 !


Innate Abilities, Weirdness & Mutations

Your life essence is reduced to manifest your ancestor. (-10% HP)
You are partially covered in large bone plates. (SH +4)
A meltable shield of frost defends you. (SH +4)
Spells you cast may paralyse nearby enemies.
You have a small tail.


Message History

The foxfire hits the two-headed ogre.
The two-headed ogre is lightly wounded.
Casting: Foxfire (safe; 1% risk of failure)
Confirm with . or Enter, or press ? or * to list all spells.
You conjure some foxfire!
Malevolent energies surge around you.
The foxfire hits the two-headed ogre.
The two-headed ogre is lightly wounded.
The foxfire hits the two-headed ogre but does no damage.
The two-headed ogre is lightly wounded.
Casting: Foxfire (safe; 1% risk of failure)
Confirm with . or Enter, or press ? or * to list all spells.
Flames lash the two-headed ogre.
The two-headed ogre is moderately wounded.
The two-headed ogre's fire resistance burns away.
Malevolent energies surge around you.
The foxfire hits the two-headed ogre!
The two-headed ogre is burned terribly!
The two-headed ogre is moderately wounded.
Casting: Scorch (safe; 1% risk of failure)
Confirm with . or Enter, or press ? or * to list all spells.
Flames lash the two-headed ogre.
The two-headed ogre is burned terribly!
The two-headed ogre is severely wounded.
Malevolent energies surge around you.
Casting: Scorch (safe; 1% risk of failure)
Confirm with . or Enter, or press ? or * to list all spells.
Flames lash the two-headed ogre.
The two-headed ogre is burned terribly!
The two-headed ogre is almost dead.
Malevolent energies surge around you.
The two-headed ogre hits you with a +0 giant club!!
Ouch! That really hurt!
The two-headed ogre barely misses you.
Casting: Scorch (safe; 1% risk of failure)
Confirm with . or Enter, or press ? or * to list all spells.
Flames lash the two-headed ogre.
The two-headed ogre is burned terribly!
The two-headed ogre is almost dead.
Malevolent energies surge around you.
The two-headed ogre hits you with a +0 giant club!!
* * * LOW HITPOINT WARNING * * *
The two-headed ogre hits you with a +0 giant club!!
Ouch! That really hurt!
You die...

...# ###'##### #... ####
#.......######### #...
######.......+.......# #...
........)....#######.#########...
#####........................'...
# ########################..#...
#.........'.P.P.P.P.#......>#.
#.........#.........#.#####.##
#.........#..@O.T...#.#...#.#
#..†.)....#P.P.P.Pl.#.#.#.#.#
#######†##############o#.#.#.#.#
...#....# ....Tol..#.#.#'#.#
...#.⌠..# ....lTo.R#.#.....#
..R#..⌠.# ...Toob..#.#.....#
...'....# ....Oo.c.#.#.....#
######### ...g..b..#.#.....#
.........#.#.#'#.#


You could see a two-headed ogre (combustible), a troll, an iguana and an orc
wizard.

Vanquished Creatures
  Pikel (D:3)
  An ogre (D:4)
  A black bear (D:5)
  A phantom (D:6)
  A necrophage (D:5)
  A bullfrog (D:6)
  A scorpion (D:6)
  2 killer bees (D:7)
  6 hounds
  Jessica (D:2)
  2 iguanas
  3 orc wizards
  8 gnolls
  7 adders
  A white imp (D:7)
  An ufetubus (D:6)
  A worm (D:3)
  A dart slug (D:2)
  8 orcs
  5 ball pythons
  7 endoplasms
  4 giant cockroaches
  6 goblins
  5 hobgoblins
  2 jackals (D:3)
  3 quokkas
  5 bats
  5 frilled lizards
  7 kobolds
  3 rats
100 creatures vanquished.

Vanquished Creatures (collateral kills)
  Sigmund (D:2)
  A steam dragon (D:6)
  A vampire mosquito (D:6)
  A sky beast (D:6)
  An orc warrior (D:7)
  2 ogres
  A black bear (D:5)
  A lemure (D:3)
  A necrophage (D:6)
  A scorpion (D:7)
  A killer bee (D:7)
  4 hounds
  2 orc priests
  A gnoll bouda (D:6)
  6 orc wizards
  3 adders
  4 gnolls
  A shadow imp (D:5)
  14 orcs
  A ball python (D:4)
  A giant cockroach (D:4)
  A goblin (D:4)
  A hobgoblin (D:4)
  A jackal (D:3)
  A kobold (D:4)
  A quokka (D:4)
  7 foxfires (D:6)
61 creatures vanquished.

Vanquished Creatures (others)
  A battlemage (D:6)
  An ancestor (D:4)
  69 foxfires
71 creatures vanquished.

Grand Total: 232 creatures vanquished

Notes
Turn   | Place    | Note
-------+----------+-------------------------------------------
     0 | D:1      | croobank the Demonspawn Fire Elementalist began the quest
                  | for the Orb.
     0 | D:1      | Reached XP level 1. HP: 13/13 MP: 3/3
   149 | D:1      | Gained mutation: Spells you cast may paralyse adjacent
                  | enemies. [demonic ancestry]
   149 | D:1      | Reached XP level 2. HP: 20/20 MP: 0/5
   200 | D:1      | Learned a level 2 spell: Scorch
   548 | D:1      | Found Qeveamp's Distillery.
   557 | D:1      | Found a faded altar of an unknown god.
   629 | D:1      | Reached XP level 3. HP: 21/25 MP: 2/6
  1032 | D:2      | Found a hazy altar of Hepliaklqana.
  1042 | D:2      | Became a worshipper of Hepliaklqana the Forgotten
  1595 | D:2      | Reached skill level 1 in Fighting
  1694 | D:2      | Reached * piety under Hepliaklqana
  1805 | D:2      | You fall into a shaft and drop 1 floor!
  1851 | D:3      | Reached skill level 1 in Invocations
  1851 | D:3      | Gained mutation: You have a small tail. [demonic ancestry]
  1851 | D:3      | Reached XP level 4. HP: 28/28 MP: 4/7
  1974 | D:2      | Noticed Sigmund
  1989 | D:2      | Killed Sigmund
  1990 | D:2      | Reached skill level 2 in Invocations
  1990 | D:2      | Reached XP level 5. HP: 21/34 MP: 2/9
  2127 | D:2      | Noticed Jessica
  2129 | D:2      | Killed Jessica
  2130 | D:2      | Gained mutation: A meltable shield of frost defends you.
                  | (SH +4) [demonic ancestry]
  2130 | D:2      | Reached XP level 6. HP: 39/39 MP: 5/10
  3066 | D:4      | Found a staircase to the Ecumenical Temple.
  3251 | D:4      | Found a radiant altar of Vehumet.
  3491 | D:4      | Reached ** piety under Hepliaklqana
  3492 | D:4      | Remembered your ancestor Edmée as a battlemage
  3508 | D:4      | Gained mutation: Spells you cast may paralyse nearby
                  | enemies. [demonic ancestry]
  3508 | D:4      | Reached XP level 7. HP: 45/45 MP: 9/11
  3512 | D:4      | Noticed Pikel
  3529 | D:3      | Learned a level 4 spell: Flame Wave
  3541 | D:3      | Reached skill level 3 in Invocations
  3542 | D:3      | Killed Pikel
  3543 | D:3      | Reached XP level 8. HP: 27/52 MP: 4/13
  3620 | D:4      | Reached skill level 4 in Invocations
  3853 | D:5      | Entered Level 5 of the Dungeon
  4209 | D:5      | Identified the +5 whip of Fedhas's Favour {venom, rPois
                  | rCorr}
  4618 | D:5      | Reached skill level 5 in Invocations
  4730 | D:5      | Reached skill level 1 in Maces & Flails
  5033 | D:6      | Gained mutation: You are partially covered in large bone
                  | plates. (SH +4) [demonic ancestry]
  5033 | D:6      | Reached XP level 9. HP: 58/58 MP: 10/15
  5266 | D:6      | Found a bloodstained altar of Trog.
  5266 | D:6      | Found a shimmering altar of Xom.
  5843 | D:7      | Reached skill level 5 in Fire Magic
  5910 | D:7      | Reached skill level 5 in Stealth
  6133 | D:6      | Reached *** piety under Hepliaklqana
  6158 | D:6      | Reached skill level 6 in Invocations
  6265 | D:6      | Noticed a troll
  6265 | D:6      | Noticed a troll
  6265 | D:6      | Noticed a troll
  6266 | D:6      | Noticed a two-headed ogre
  6306 | D:6      | Annihilated by a two-headed ogre

Illustrated notes

Levels and vault maps discovered:
D:1:      eino_arrival_cavern_b, layout_basic, serial_shops, shop,
          ebering_ecumenical_altar_petrified,
          nicolae_concentric_dashed_squares_mild
D:2:      layout_basic, basic_altar, uniq_jessica, uniq_sigmund
D:3:      layout_loops_ring
D:4:      layout_basic, vehumet_crystals, minmay_temple_entry_antechambers,
          hangedman_abyss_or_decor_passed, uniq_pikel
D:5:      layout_loops_cross, hangedman_abyss_or_decor_lesser_grid
D:6:      minmay_klotski, layout_basic, gammafunk_temple_overflow_pools
D:7:      layout_gridville

Skill      XL: |  1  2  3  4  5  6  7  8  9 |
---------------+----------------------------+-----
Stealth        | 2 3 4 5 |  5.2
Dodging        | 2 3 4 |  4.7
Fire Magic     | 3 4 5 |  5.2
Fighting       | 1 2 3 4 |  4.7
Invocations    | 1 2 3 5 6 |  6.0
Conjurations   | 2 3 4 |  4.9
Spellcasting   | 3 4 |  4.9
Maces & Flails | 1 2 |  2.3

Action                   |  1- 3 |  4- 6 |  7- 9 || total
-------------------------+-------+-------+-------++-------
Melee: Short sword       |     6 |       |       ||     6
       Dagger            |    43 |    69 |    25 ||   137
       Punch             |     1 |     2 |       ||     3
       Tailslap          |       |     7 |    10 ||    17
       Whip              |       |       |    42 ||    42
 Cast: Foxfire           |    22 |     1 |    22 ||    45
       Scorch            |    13 |    32 |    52 ||    97
Invok: Ancestor Life: Ba |       |     1 |       ||     1
  Use: Potion            |       |       |     1 ||     1
       Scroll            |       |       |    18 ||    18
 Stab: Sleeping          |     2 |     4 |     3 ||     9
       Paralysed         |     2 |     3 |     1 ||     6
       Distracted        |       |     1 |     1 ||     2
Armor: Robe              |    17 |    22 |     9 ||    48
Dodge: Dodged            |    37 |    40 |    56 ||   133
Block: Other             |       |    11 |    21 ||    32
